 Dungeon Crawl Stone Soup version 0.29-a0-923-g6e406bff71 (webtiles) character file.

Game seed: 4353541020284103658

12 Essalna the Conjurer (level 2, -5/19 HPs)
             Began as a Demonspawn Conjurer on July 27, 2022.
             Killed by divine providence
             ... invoked by an orc priest
              (14 damage)
             ... on level 3 of the Dungeon on July 28, 2022.
             The game lasted 00:02:49 (1147 turns).

Essalna the Conjurer (Demonspawn Conjurer)          Turns: 1147, Time: 00:02:49

Health: -5/19      AC:  2    Str:  7    XL:     2   Next: 20%
Magic:  0/5        EV: 12    Int: 19    God:
Gold:   66         SH:  4    Dex: 11    Spells: 2/5 levels left

rFire   . . .      SeeInvis .   (no weapon)
rCold   . . .      Faith    .   (no shield)
rNeg    . . .      Spirit   .   a - +0 robe
rPois   +          Reflect  .   (no helmet)
rElec   .          Harm     .   (no cloak)
rCorr   .          Rampage  .   (no gloves)
Will    .....                   (no boots)
Stlth   ++........              (no amulet)
HPRegen 0.06/turn               e - ring of poison resistance
MPRegen 0.09/turn               (no ring)

@: no status effects
A: large bone plates 1
a: no special abilities


You were on level 3 of the Dungeon.
You visited 1 branch of the dungeon, and saw 3 of its levels.

You collected 66 gold pieces.

Inventory:

Armour
 a - a +0 robe (worn)
Jewellery
 e - a ring of poison resistance (left hand)
Potions
 b - a potion of magic
 c - a potion of mutation {unknown}
 d - a potion of brilliance {unknown}
 g - 2 potions of flight {unknown}


   Skills:
 - Level 1.7 Dodging
 - Level 1.7 Stealth
 + Level 2.4 Spellcasting
 + Level 4.2 Conjurations


You had 2 spell levels left.
You knew the following spells:

 Your Spells              Type           Power      Damage    Failure   Level
a - Magic Dart            Conj           72%        1d6       2%          1
b - Searing Ray           Conj           36%        2d5       4%          2

Your spell library contained the following spells:

 Spells                   Type           Power      Damage    Failure   Level
 Sting                    Tmut/Pois      8%         1d3       16%         1
 Poisonous Vapours        Pois/Air       4%         N/A       24%         2
 Dazzling Flash           Conj/Hex       20%        N/A       21%         3
 Fulminant Prism          Conj/Hex       5%         3d7       54%         4
 Iskenderun's Mystic Bla  Conj/Tloc      10%        2d4       54%         4
 Olgreb's Toxic Radiance  Pois           2%         N/A       85%         4


Dungeon Overview and Level Annotations

Branches:
Dungeon (3/15)

Altars:

Annotations:
D:2 Natasha, Terence


Innate Abilities, Weirdness & Mutations

You are partially covered in large bone plates. (SH +4)


Message History

You climb downwards.
Found a long sword.
Found a stone staircase leading down.
There is a stone staircase leading up here.
Welcome back, Essalna the Demonspawn Conjurer.
Press ? for a list of commands and other information.
There is a stone staircase leading down here.
An orc priest comes into view. It is wielding a +0 war axe.
Cast which spell? (? or * to list)
You can't see any susceptible monsters within range! (Use Z to cast anyway.)
The orc priest shouts!
You hear a shout! x2
There is a stone staircase leading up here.
You climb upwards.
Level annotation: Natasha, Terence
There is a stone staircase leading down here.
Okay, then.
Cast which spell? (? or * to list)
Okay, then.
You climb downwards.
There is a stone staircase leading up here.
Cast which spell? (? or * to list)
Aiming: Searing Ray (safe; 4% risk of failure)
Press: ? - help, Shift-Dir - straight line, f - orc priest
Aim: an orc priest, wielding a +0 war axe and wearing a +0 leather armour (78% to hit)
The searing ray misses the orc priest. (Press . to maintain the ray.)
The searing ray hits the orc priest.
The orc priest is moderately wounded.
The orc priest invokes the aid of Beogh against you.
Beogh smites you!
Ouch! That really hurt!
You hear a shout!
The searing ray hits the orc priest but does no damage.
The orc priest is moderately wounded.
The searing ray hits the orc priest!
The orc priest is severely wounded.
You finish channelling your searing ray.
The orc priest invokes the aid of Beogh against you.
Beogh smites you!
Ouch! That really hurt!
You die...

. .###. .... ..#
. ########..##..
#.............
...o..#.o.>...#..
####. #.##@..## #
#.##<.)# #.##...#
..........
........#...
.#.###.......
.... .#.####
##.## ##.# # .#


You could see an orc priest.

Vanquished Creatures
  A ball python (D:1)
  2 bats (D:1)
  An endoplasm (D:1)
  A giant cockroach (D:1)
  2 goblins (D:1)
  2 hobgoblins
  A kobold (D:1)
10 creatures vanquished.

Notes
Turn   | Place    | Note
-------+----------+-------------------------------------------
     0 | D:1      | Essalna the Demonspawn Conjurer began the quest for the
                  | Orb.
     0 | D:1      | Reached XP level 1. HP: 13/13 MP: 3/3
   407 | D:1      | Gained mutation: You are partially covered in large bone
                  | plates. (SH +4) [demonic ancestry]
   407 | D:1      | Reached XP level 2. HP: 19/19 MP: 0/5
   784 | D:2      | Noticed Natasha
   969 | D:2      | Found a faded altar of an unknown god.
  1009 | D:2      | Learned a level 2 spell: Searing Ray
  1019 | D:2      | Noticed Terence
  1126 | D:3      | Upgraded the game from 0.29-a0-920-g5d2155ec51 to
                  | 0.29-a0-923-g6e406bff71
  1147 | D:3      | Killed from afar by an orc priest

Illustrated notes

Levels and vault maps discovered:
D:1:      nicolae_arrival_memento_mori, layout_loops_ring
D:2:      layout_basic, hellmonk_ecumenical_altar_pennies_from_heaven,
          basic_altar, serial_glass, glass_columns_b, glass_columns_a,
          uniq_sigmund, uniq_terence, uniq_natasha
D:3:      layout_loops_ring, serial_undead, serial_undead_d, serial_undead_f,
          serial_undead_c, serial_undead_c, uniq_pargi

Action                   || total
-------------------------++-------
 Cast: Magic Dart        ||    28
       Searing Ray       ||     2
  Use: Scroll            ||     1
Armor: Robe              ||     1
Dodge: Dodged            ||     2

Table legend: (Time is in decaauts)
 A = Elapsed time spent in this place.
 B = Non-inter-level travel time spent in this place.
 C = Inter-level travel time spent in this place.
 D = Time resting spent in this place.
 E = Time spent auto-exploring this place.
 F = Levels seen in this place.
 G = Mean time per level.
                   A        B        C        D        E       F      G
               +--------+--------+--------+--------+--------+-----+--------+
         Total |   1148 |   1113 |     35 |    169 |    841 |   3 |  382.7 |
       Dungeon |   1148 |   1113 |     35 |    169 |    841 |   3 |  382.7 |
               +--------+--------+--------+--------+--------+-----+--------+

Top non-repeatable levels by time:
     D:1: 963 daAuts
     D:2: 165 daAuts
     D:3: 20 daAuts
